AoeStats
← kamolenko

Hideout

509406125Analyzed
1v1 RM · 6d ago on Sep 26, 2026· 78m 17s· 2 players
Game mode
Random Map
Map size
Tiny (2 player)
Population
200
Speed
Normal
Resources
Standard
Victory
Conquest
Starting age
Dark Age
Ending age
Imperial Age
RankedLock teamsTeams togetherTeam positionsShared explorationLock speedFull tech treeHidden civsTurbo modeCheats
Victory
Defeat
🇩🇪 Spanish · Germany
844
+15
🇵🇱 Cumans · Poland
815
-15
kamolenko
1:37 Loom
11:08 Feudal Age
15:22 Castle Age
14:35 Double-Bit Axe
14:35 Horse Collar
19:21 Wheelbarrow
21:25 Town Watch
22:08 Forging
23:10 Bow Saw
23:11 Heavy Plow
24:40 Gold Mining
24:41 Stone Mining
25:31 Stone Mining
26:16 Gold Shaft Mining
26:15 Scale Barding Armor
26:08 Light Cavalry
28:30 Bloodlines
29:16 Iron Casting
30:15 Hand Cart
31:23 Chain Barding Armor
30:54 Fletching
31:05 Padded Archer Armor
32:42 Thumb Ring
32:33 Bodkin Arrow
33:35 Leather Archer Armor
33:52 Town Patrol
38:24 Imperial Age
38:30 Hussar
40:14 Blast Furnace
39:50 Plate Barding Armor
39:45 Conscription
40:07 Parthian Tactics
41:44 Ring Archer Armor
41:40 Ballistics
41:17 Murder Holes
41:49 Elite Steppe Lancer
43:59 Heavy Cavalry Archer
46:38 Steppe Husbandry
51:20 Chemistry
59:01 Elite Skirmisher
77:24 Crop Rotation
jeffjeffsen
11:10 Feudal Age
11:44 Double-Bit Axe
12:34 Wheelbarrow
12:04 Horse Collar
12:19 Gold Mining
12:50 Scale Mail Armor
19:21 Forging
19:21 Scale Barding Armor
20:24 Scale Barding Armor
22:38 Castle Age
21:03 Bloodlines
20:51 Stone Mining
21:00 Loom
23:54 Bow Saw
24:02 Hand Cart
24:26 Iron Casting
23:13 Pikeman
23:53 Squires
23:55 Husbandry
24:13 Chain Mail Armor
24:22 Chain Barding Armor
24:04 Heavy Plow
27:49 Town Watch
32:22 Imperial Age
31:20 Town Patrol
32:26 Halberdier
34:07 Blast Furnace
33:37 Plate Mail Armor
33:36 Conscription
34:09 Stone Shaft Mining
33:21 Cavalier
37:20 Chemistry
36:40 Ballistics
36:16 Murder Holes
37:42 Plate Barding Armor
38:57 Paladin
42:30 Fletching
42:40 Padded Archer Armor
43:51 Supremacy
45:08 Elite Conquistador
48:02 Bodkin Arrow
48:22 Leather Archer Armor
47:28 Elite Skirmisher
48:19 Onager
53:19 Inquisition
53:22 Guard Tower
56:10 Light Cavalry
60:05 Bracer
60:35 Ring Archer Armor
67:32 Light Cavalry
70:46 Light Cavalry
75:22 Two-Man Saw
77:14 Keep
Connection lost

Rejoining the realm…

Still unreachable

The connection could not be restored.

Session expired

The server has moved on; the page needs a fresh start.